 Dungeon Crawl Stone Soup version 0.22-a0-608-g8a62e23 (webtiles) character file.

146 sking99 the Insei (level 5, -8/42 HPs)
             Began as a Draconian Transmuter on July 9, 2018.
             Mangled by an orc priest
             ... wielding a +0 mace
              (9 damage)
             ... on level 3 of the Dungeon.
             The game lasted 00:04:12 (2863 turns).

sking99 the Insei (Draconian Transmuter)            Turns: 2863, Time: 00:04:13

Health: -8/42      AC:  7    Str: 12    XL:     5   Next: 7%
Magic:  8/8        EV: 12    Int: 13    God:
Gold:   96         SH:  0    Dex: 13    Spells: 3/8 levels left

rFire    . . .     SeeInvis .     - Unarmed
rCold    . . .     Gourm    .   (no shield)
rNeg     . . .     Faith    .   (armour unavailable)
rPois    .         Spirit   .   (helmet restricted)
rElec    .         Reflect  .   h - +0 cloak
rCorr    .         Harm     .   (no gloves)
MR       .....                  g - +0 pair of boots
Stlth    +.........             (no amulet)
HPRegen  0.14/turn              (no ring)
MPRegen  0.11/turn              (no ring)

@: no status effects
A: unfitting armour, cold-blooded, AC +5
a: no special abilities


You were on level 3 of the Dungeon.
You were not hungry.

You visited 1 branch of the dungeon, and saw 3 of its levels.

You collected 96 gold pieces.

Inventory:

Missiles
 a - 23 arrows
Armour
 g - a +0 pair of boots (worn)
 h - a +0 cloak (worn)
Jewellery
 q - an uncursed ring of ice {unknown}
Scrolls
 b - a scroll of fear {unknown}
 e - a scroll of fog {unknown}
 f - 3 scrolls of teleportation {unknown}
 i - a scroll of random uselessness {unknown}
 j - a scroll of identify {unknown}
 l - a scroll of enchant armour {unknown}
 n - a scroll of immolation {unknown}
 p - a scroll of amnesia {unknown}
Potions
 d - a potion of lignification {unknown}
 m - 2 potions of cancellation
 o - a potion of curing {unknown}
Comestibles
 c - 5 rations
 r - 5 chunks of flesh


   Skills:
 + Level 2.6 Fighting
 - Level 1.7 Dodging
 * Level 4.5 Unarmed Combat
 - Level 2.0 Spellcasting
 + Level 0.7 Necromancy
 + Level 3.0 Transmutations


You had 3 spell levels left.
You knew the following spells:

 Your Spells              Type           Power        Failure   Level  Hunger
a - Beastly Appendage     Tmut           #.....       8%          1    ##.....
b - Sticks to Snakes      Tmut           #.......     11%         2    ###....
c - Apportation           Tloc           #.....       26%         1    ##.....
d - Animate Skeleton      Necr           N/A          19%         1    ##.....

Your spell library contained the following spells:

 Spells                   Type           Power        Failure   Level  Hunger
 Summon Small Mammal      Summ           #...         26%         1    ##.....
 Spider Form              Tmut/Pois      #.........   38%         3    ####...
 Blade Hands              Tmut           #.........   90%         5    ######.
 Ice Form                 Ice/Tmut       #.......     80%         4    #####..
 Confusing Touch          Hex            #.....       26%         1    ##.....


Dungeon Overview and Level Annotations

Branches:
Dungeon (3/15)

Altars:


Innate Abilities, Weirdness & Mutations

Your plain brown scales are hard. (AC +5)
You cannot fit into any form of body armour.
You are cold-blooded and may be slowed by cold attacks.


Message History

The orc priest is heavily wounded.
The orc hits you with a mace.
* * * LOW HITPOINT WARNING * * *
The orc priest hits you with a mace.
* * * LOW HITPOINT WARNING * * *
You completely miss the orc priest.
The orc priest is heavily wounded.
The orc closely misses you. The orc priest hits you with a mace.
* * * LOW HITPOINT WARNING * * *
It was a potion of cancellation.
You feel magically purged. The orc closely misses you.
You hit the orc priest.
The orc priest is almost dead.
The orc priest hits you with a mace!
* * * LOW HITPOINT WARNING * * *
It was a potion of magic.
Magic courses through your body. The orc hits you with a mace.
* * * LOW HITPOINT WARNING * * *
The orc priest hits you with a mace!
You die...

# # .#. #. #o#
#. #o# #.# #o# #
###.### #o#
#.#.....# #.#
#.#....@###.#
#......oo)o.#
##.......#####
#........#
#.#.##.###
#.#.##.#
#.#.##.#
#########.#.##.#
########.
.......(#.#.##Z#
###........


You could see an orc priest and 2 orcs.

Vanquished Creatures
  An orc wizard (D:3)
  4 gnolls (D:2)
  3 adders (D:2)
  An ooze (D:1)
  2 worms (D:2)
  A dart slug (D:2)
  2 leopard geckos
  3 orcs (D:3)
  A giant cockroach (D:2)
  4 goblins
  4 hobgoblins
  A jackal (D:3)
  3 kobolds
  A ball python (D:2)
  6 bats
  4 frilled lizards
  6 rats
47 creatures vanquished.

Notes
Turn   | Place    | Note
-------+----------+-------------------------------------------
     0 | D:1      | sking99 the Draconian Transmuter began the quest for the Orb.
     0 | D:1      | Reached XP level 1. HP: 16/16 MP: 3/3
   259 | D:1      | Reached XP level 2. HP: 22/23 MP: 5/5
   264 | D:1      | Learned a level 2 spell: Sticks to Snakes
  1128 | D:2      | Reached XP level 3. HP: 20/29 MP: 6/6
  1457 | D:2      | Found a faded altar of an unknown god.
  1493 | D:2      | Reached skill level 4 in Unarmed Combat
  1496 | D:2      | Reached XP level 4. HP: 8/36 MP: 5/7
  1758 | D:2      | Learned a level 1 spell: Apportation
  1760 | D:2      | Learned a level 1 spell: Animate Skeleton
  2676 | D:3      | Reached XP level 5. HP: 37/42 MP: 6/8
  2862 | D:3      | HP: 2/42 [orc priest/mace (7)]
  2863 | D:3      | Mangled by an orc priest

Vault maps used:
D:1:      sevenhm_arrival_forest_fort_large_3, st_stairs_5
D:2:      chequers_ecumenical_altar_island
D:3:      overflow_temple_1_default, first_ration, serial_bayou_pond_b,
          nrook_uturn

Skill      XL: |  1  2  3  4 |
---------------+-------------+-----
Fighting       | 2 |  2.6
Unarmed Combat | 4 |  4.5
Transmutations | 3 |  3.0
Dodging        | |  1.7
Spellcasting   | |  2.0
Necromancy     | |  0.7

Action                   |  1- 3 |  4- 6 || total
-------------------------+-------+-------++-------
Melee: Unarmed           |    78 |   110 ||   188
       Tailslap          |     7 |    16 ||    23
       Headbutt          |     4 |     3 ||     7
       Punch             |     1 |     3 ||     4
 Cast: Beastly Appendage |     2 |     2 ||     4
       Animate Skeleton  |       |     4 ||     4
  Use: Potion            |       |     2 ||     2
 Stab: Sleeping          |       |     1 ||     1
  Eat: Chunk             |     2 |     4 ||     6
Armor: Skin              |    13 |    41 ||    54
Dodge: Dodged            |    50 |    63 ||   113

Table legend:
 A = Spawn XP
 B = Non-spawn XP
 C = Spawn XP percentage of total XP
 D = Spawn monster count
 E = Non-spawn monster count
 F = Spawn count percentage of total count
 G = Total turns spent on level
                    A         B        C        D         E        F      G
               +---------+---------+-------+---------+---------+-------+---------
         Total |       0 |     209 |   0.0 |       0 |      47 |   0.0 |  2863
               +---------+---------+-------+---------+---------+-------+---------
           D:1 |       0 |      31 |   0.0 |       0 |      16 |   0.0 |  1101
           D:2 |       0 |     122 |   0.0 |       0 |      20 |   0.0 |  1481
           D:3 |       0 |      56 |   0.0 |       0 |      11 |   0.0 |   281
               +---------+---------+-------+---------+---------+-------+---------
